Map: Oceanborn LE

Players

ILoveYou

  • Race: Terran Terran
  • League: Diamond
  • Spawn Location: 5:00

Planetatarka - Winner!

  • Race: Terran Terran
  • League: Diamond
  • Spawn Location: 11:00

VOD

Have the link to the VOD?

Description

Time

  • Played on: Oct. 27, 2024, 10:49 a.m.
  • Length: 7:31
Show
View Real Time Build Order
Export as new Build Order

ILoveYou Terran 

Build Orders: Cyclone Opening 

Get SALT Encoding   

  12  0:00  SCV  
  13  0:12  SCV  
  14  0:16  Supply Depot  
  14  0:24  SCV  
  15  0:38  SCV  
  15  0:39  Barracks  
  16  0:43  Refinery  
  16  0:51  SCV  
  16  0:53  Refinery  
  17  1:03  SCV  
  18  1:15  SCV  
  19  1:26  Reaper  
  19  1:27  Orbital Command  
  19  1:29  Supply Depot  
  20  1:42  Factory  
  21  1:54  SCV  
  21  2:00  Reaper  
  22  2:06  SCV  
  23  2:21  SCV  
  24  2:25  Command Center  
  24  2:32  Cyclone  
  24  2:34  SCV  
  27  2:40  Supply Depot  
  27  2:42  Barracks Reactor  
  27  2:46  SCV  
  28  2:58  SCV  
  29  2:59  Starport  
  29  3:09  Cyclone  
  31  3:15  SCV  
  31  3:23  Marine x2  
  32  3:29  SCV  
  33  3:36  Refinery  
  33  3:39  Orbital Command  
  34  3:41  SCV  
  34  3:45  Starport Tech Lab  
  34  3:46  Factory Tech Lab  
  34  3:50  Marine x2  
  34  3:53  SCV  
  37  4:00  Supply Depot  
  37  4:05  SCV, Raven  
  40  4:10  Siege Tank  
  40  4:12  Supply Depot  
  40  4:15  SCV  
  44  4:17  SCV  
  45  4:27  SCV, Interference Matrix  
  45  4:29  SCV  
  47  4:39  SCV  
  47  4:40  Raven  
  47  4:41  SCV  
  51  4:51  Command Center  
  51  4:53  Siege Tank  
  51  4:55  SCV x2  
  51  4:59  Supply Depot  
  56  5:07  SCV x2  
  58  5:16  Barracks  
  58  5:18  Barracks  
  58  5:19  SCV x2  
  60  5:24  Raven  
  60  5:28  Supply Depot  
  62  5:31  SCV x2  
  62  5:32  Engineering Bay  
  62  5:33  Engineering Bay  
  64  5:38  Siege Tank  
  67  5:43  SCV  
  68  5:51  Marine  
  70  5:57  SCV  
  70  5:58  SCV  
  71  6:06  SCV  
  71  6:09  SCV  
  71  6:11  SCV  
  74  6:13  Barracks Reactor x2  
  74  6:21  Factory  
  74  6:24  SCV  
  75  6:27  SCV  
  76  6:36  SCV, Marine  
  76  6:38  Viking  
  76  6:39  SCV  
  71  6:51  SCV  
  63  6:55  SCV  
  63  6:58  Viking  
  63  6:59  Marine x5  
  71  7:07  SCV  
  75  7:10  Refinery  
  75  7:11  Factory Tech Lab  
Show
View Real Time Build Order
Export as new Build Order

Planetatarka Terran - Winner!

Build Orders: Cyclone Opening 

Get SALT Encoding   

  12  0:00  SCV  
  13  0:12  SCV  
  14  0:17  Supply Depot  
  14  0:24  SCV  
  15  0:38  SCV  
  15  0:39  Barracks  
  16  0:45  Refinery  
  16  0:50  SCV  
  16  0:52  Refinery  
  17  1:03  SCV  
  18  1:15  SCV  
  19  1:26  Reaper  
  19  1:30  Orbital Command  
  19  1:31  Supply Depot  
  20  1:42  Factory  
  20  1:55  SCV  
  20  1:58  Reaper  
  22  2:08  SCV  
  23  2:21  SCV  
  24  2:23  Command Center  
  24  2:28  Hellion  
  26  2:32  Starport  
  26  2:36  SCV  
  27  2:41  Supply Depot  
  27  2:48  SCV  
  27  2:49  Barracks Reactor  
  28  2:54  Cyclone  
  30  3:00  SCV  
  30  3:23  SCV  
  31  3:30  Factory Tech Lab  
  31  3:38  Refinery  
  28  3:46  SCV  
  28  3:55  Viking x2, Siege Tank  
  32  3:58  SCV  
  36  4:03  Orbital Command  
  36  4:09  Starport  
  36  4:10  SCV  
  37  4:22  SCV  
  38  4:25  Viking x2  
  38  4:30  SCV, Supply Depot  
  43  4:34  SCV  
  44  4:42  SCV  
  45  4:46  SCV  
  45  4:48  Siege Tank  
  49  4:54  Supply Depot  
  49  4:55  Viking  
  49  4:58  Viking  
  54  5:00  SCV x2  
  55  5:07  Viking  
  55  5:12  SCV x2  
  59  5:22  Command Center  
  59  5:27  SCV x2  
  60  5:31  Liberator  
  63  5:35  Viking  
  63  5:40  SCV  
  63  5:41  SCV  
  67  5:54  Siege Tank  
  70  6:01  Supply Depot x2  
  70  6:16  Command Center  
  70  6:18  Refinery  
  70  6:22  Liberator  
  70  6:23  SCV x2  
  75  6:29  Siege Tank  
  78  6:35  SCV x2  
  80  6:40  Liberator  
  71  6:54  Viking  
  71  7:01  SCV x2  
  75  7:08  Factory  
  77  7:13  SCV x2  
Tags
 
Add a new tag
Caveats
  • Supply blocks, unpowered buildings, or Contaminate may cause inaccurate times.
  • Supply counts are checked every 10 seconds.